 Dungeon Crawl Stone Soup version 0.27-a0-1154-gfdeffcb720 (webtiles) character file.

Game seed: 4410831774326926534

39 Strat the Firebug (level 3, -8/26 HPs)
             Began as a Draconian Fire Elementalist on May 14, 2021.
             Killed by nerve-wracking pain
             ... invoked by Jessica
              (13 damage)
             ... on level 2 of the Dungeon.
             The game lasted 00:05:14 (1578 turns).

Strat the Firebug (Draconian Fire Elementalist)     Turns: 1578, Time: 00:05:14

Health: -8/26      AC:  5    Str: 10    XL:     3   Next: 28%
Magic:  3/6        EV: 12    Int: 16    God:
Gold:   46         SH:  4    Dex: 11    Spells: 5/6 levels left

rFire    + . .     SeeInvis .   b - staff of fire
rCold    . . .     Faith    .   (no shield)
rNeg     . . .     Spirit   .   (armour unavailable)
rPois    .         Reflect  .   (helmet restricted)
rElec    .         Harm     .   (no cloak)
rCorr    .         Rampage  .   (no gloves)
Will     .....                  (no boots)
Stlth    ++........             (no amulet)
HPRegen  0.08/turn              (no ring)
MPRegen  0.10/turn              (no ring)

@: no status effects
A: AC +5, unfitting armour, cold-blooded, large bone plates 1, wild magic 1,
MP-powered wands
a: no special abilities


You were on level 2 of the Dungeon.
You visited 1 branch of the dungeon, and saw 2 of its levels.

You collected 46 gold pieces.

Inventory:

Hand Weapons
 a - a +0 whip
Missiles
 f - 2 boomerangs
Magical Staves
 b - a staff of fire (weapon)
 i - a staff of conjuration
Scrolls
 c - 2 scrolls of blinking {unknown}
 g - 4 scrolls of identify {unknown}
 h - a scroll of amnesia {unknown}
Potions
 d - a potion of mutation
 e - a potion of heal wounds {unknown}


   Skills:
 - Level 1.7 Dodging
 - Level 1.7 Stealth
 - Level 2.0 Spellcasting
 + Level 2.3 Conjurations
 + Level 3.7 Fire Magic


You had 5 spell levels left.
You knew the following spells:

 Your Spells              Type           Power      Damage    Failure   Level
a - Foxfire               Conj/Fire      88%        2x1d8     10%         1

Your spell library contained the following spells:

 Spells                   Type           Power      Damage    Failure   Level
 Conjure Flame            Conj/Fire      22%        6-21      26%         3
 Animate Skeleton         Necr           4%         N/A       28%         1
 Pain                     Necr           8%         1d4       28%         1
 Inner Flame              Hex/Fire       14%        N/A       36%         3
 Vampiric Draining        Necr           1%         2d6       61%         3
 Sticky Flame             Conj/Fire      22%        2d4       61%         4
 Fireball                 Conj/Fire      11%        3d7       90%         5
 Animate Dead             Necr           1%         N/A       94%         4
 Agony                    Necr           2%         N/A       100%        5


Dungeon Overview and Level Annotations

Branches:
Dungeon (2/15)

Altars:
Fedhas

Annotations:
D:2 Jessica


Innate Abilities, Weirdness & Mutations

Your plain brown scales are hard. (AC +5)
You cannot fit into any form of body armour.
You are cold-blooded and may be slowed by cold attacks.
You are partially covered in large bone plates. (SH +4)
Your spells are a little harder to cast, but a little more powerful.
You expend magic power (3 MP) to strengthen your wands.


Message History

You feel a surge of power!
You conjure some foxfire!
The foxfire hits Jessica but does no damage. x2
Jessica barely misses you.
Casting: Foxfire (safe; 6% risk of failure)
Confirm with . or Enter, or press ? or * to list all spells.
You feel a surge of power!
You conjure some foxfire!
Jessica hits you with a +0 dagger of pain.
You writhe in agony.
Jessica very coldly says, "I hate your company."
Jessica hits you with a +0 dagger of pain.
The foxfire hits Jessica but does no damage.
The foxfire hits Jessica.
Jessica is lightly wounded.
Jessica casts a spell at you. Pain shoots through your body!
Ouch! That really hurt!
* * * LOW HITPOINT WARNING * * *
It was a potion of mutation.
You feel extremely strange.
You feel less in control of your magic.
You feel your magical essence link to the dungeon's wands.
Large bone plates grow over parts of your arms.
Jessica casts a spell at you.
You barely resist.
Casting: Foxfire (safe; 10% risk of failure)
Confirm with . or Enter, or press ? or * to list all spells.
You feel a surge of power!
You conjure some foxfire!
* * * LOW MAGIC WARNING * * *
Jessica hits you with a +0 dagger of pain.
* * * LOW HITPOINT WARNING * * *
The foxfire hits Jessica.
Jessica is moderately wounded.
The foxfire hits Jessica.
Jessica is severely wounded.
Jessica points at you and mumbles some strange words.
Pain shoots through your body!
* * * LOW HITPOINT WARNING * * *
Jessica points at you and mumbles some strange words.
Pain shoots through your body!
Ouch! That really hurt!
You die...

#..# #..............#
##.## #.†............#
#.)# #..............#
##.## #..............#
#..# #.####.........#
#####.#####.####.........#
................@...)....#
#####..####.####.........#
# ##.# #.# #@§.......# #
##.# #.# ###.....###
##...#.. #.# #.....#
.....##. #.# #######
...... .. #.# ._..#. #.
#.# .....+ #.# ......
##....


You could see Jessica (fast).

Vanquished Creatures
  A dart slug (D:1)
  3 ball pythons (D:1)
  4 endoplasms (D:1)
  2 giant cockroaches (D:1)
  3 goblins (D:1)
  5 hobgoblins (D:1)
  4 jackals
  2 quokkas
  A bat (D:1)
  2 kobolds (D:1)
  4 rats (D:1)
31 creatures vanquished.

Vanquished Creatures (others)
  75 foxfires
75 creatures vanquished.

Grand Total: 106 creatures vanquished

Notes
Turn   | Place    | Note
-------+----------+-------------------------------------------
     0 | D:1      | Strat the Draconian Fire Elementalist began the quest for
                  | the Orb.
     0 | D:1      | Reached XP level 1. HP: 14/14 MP: 3/3
   391 | D:1      | Reached XP level 2. HP: 19/20 MP: 1/5
  1147 | D:1      | Reached XP level 3. HP: 26/26 MP: 4/6
  1419 | D:2      | Found a blossoming altar of Fedhas.
  1552 | D:2      | Noticed Jessica
  1576 | D:2      | Gained mutation: Your spells are a little harder to cast,
                  | but a little more powerful. [potion of mutation]
  1576 | D:2      | Gained mutation: You expend magic power (3 MP) to
                  | strengthen your wands. [potion of mutation]
  1576 | D:2      | Gained mutation: You are partially covered in large bone
                  | plates. (SH +4) [potion of mutation]
  1578 | D:2      | Killed from afar by Jessica

Illustrated notes

Levels and vault maps discovered:
D:1:      ncdulo_smallfort, layout_basic, minmay_pentomino_w4
D:2:      layout_basic, basic_altar, hellmonk_ecumenical_altar_prayer_group,
          uniq_jessica

Skill      XL: |  1  2 |
---------------+-------+-----
Conjurations   | 2 |  2.3
Dodging        | |  1.7
Stealth        | |  1.7
Spellcasting   | |  2.0
Fire Magic     | |  3.7

Action                   || total
-------------------------++-------
Melee: Unarmed           ||    18
       Tailslap          ||     3
 Cast: Foxfire           ||    46
  Use: Potion            ||     1
Armor: Skin              ||    23
Dodge: Dodged            ||    43

Table legend: (Time is in decaauts)
 A = Elapsed time spent in this place.
 B = Non-inter-level travel time spent in this place.
 C = Inter-level travel time spent in this place.
 D = Time resting spent in this place.
 E = Time spent auto-exploring this place.
 F = Levels seen in this place.
 G = Mean time per level.
                   A        B        C        D        E       F      G
               +--------+--------+--------+--------+--------+-----+--------+
         Total |   1581 |   1543 |     38 |    244 |    912 |   2 |  790.5 |
       Dungeon |   1581 |   1543 |     38 |    244 |    912 |   2 |  790.5 |
               +--------+--------+--------+--------+--------+-----+--------+

Top non-repeatable levels by time:
     D:1: 1407 daAuts
     D:2: 173 daAuts
